Map: Ephemeron LE

Players

Mez

  • Race: Terran Terran
  • League: Master
  • Spawn Location: 11:00

Анатолий - Winner!

  • Race: Protoss Protoss
  • League: Master
  • Spawn Location: 5:00

VOD

Have the link to the VOD?

Description

Time

  • Played on: Aug. 31, 2019, 3:40 a.m.
  • Length: 6:16
Show
View Real Time Build Order
Export as new Build Order

Mez Terran 

Build Orders: Reaper Expand 

Get SALT Encoding   

  12  0:00  SCV  
  13  0:12  SCV  
  14  0:17  Supply Depot  
  14  0:25  SCV  
  15  0:38  SCV  
  15  0:39  Barracks  
  16  0:46  Refinery  
  16  0:50  SCV  
  17  1:02  SCV  
  18  1:15  SCV  
  19  1:28  Orbital Command, Reaper  
  20  1:42  Command Center  
  20  1:50  Bunker  
  20  1:55  SCV  
  20  2:01  Barracks Reactor  
  21  2:02  Marine  
  21  2:06  Supply Depot  
  21  2:08  SCV  
  23  2:23  Barracks Reactor  
  24  2:41  Command Center  
  23  2:44  Factory, SCV  
  24  2:56  SCV  
  25  3:02  Bunker  
  25  3:03  Orbital Command  
  25  3:11  Marine x2  
  26  3:15  Refinery  
  26  3:20  SCV  
  27  3:29  Marine x2  
  27  3:30  Factory Tech Lab  
  29  3:34  SCV x2  
  31  3:47  Marine x2  
  33  3:54  Bunker  
  33  3:55  Siege Tank  
  35  3:57  Orbital Command  
  35  4:03  Refinery  
  35  4:06  Starport  
  35  4:08  Marine x2  
  37  4:29  Marine x2  
  34  4:38  Siege Tank  
  34  4:44  Viking  
  38  4:47  Marine x2  
  40  4:53  SCV x2  
  41  5:08  Marine x2  
  41  5:13  Barracks  
  39  5:21  Viking  
  39  5:26  Marine  
  42  5:37  Marine  
  40  5:44  Marine  
  33  5:55  Marine  
Show
View Real Time Build Order
Export as new Build Order

Анатолий Protoss - Winner!

Build Orders:  

Get SALT Encoding   

  1  0:00  Probe  
  12  0:06  Probe  
  14  0:17  Pylon  
  14  0:20  Probe  
  15  0:36  Gateway  
  15  0:42  Assimilator  
  15  0:44  Probe  
  16  0:56  Probe  
  17  1:04  Pylon  
  17  1:08  Probe  
  18  1:14  Zealot  
  18  1:20  Probe  
  21  1:26  Cybernetics Core  
  21  1:32  Probe  
  21  1:39  Gateway  
  22  1:46  Probe  
  23  1:49  Assimilator  
  23  1:56  Stalker  
  23  1:58  Probe  
  24  2:04  Warp Gate  
  26  2:11  Probe  
  27  2:25  Stalker  
  29  2:31  Stalker  
  29  2:40  Pylon  
  29  2:49  Robotics Facility  
  29  2:55  Stalker  
  31  3:20  Gateway  
  31  3:24  Pylon  
  31  3:28  Immortal, Stalker  
  31  3:29  Stalker  
  39  3:48  Shield Battery  
  39  4:07  Immortal  
  39  4:09  Sentry  
  45  4:15  Stalker  
  45  4:39  Stalker  
  47  4:46  Pylon  
  47  4:53  Warp Prism  
  47  5:05  Sentry x2  
  53  5:08  Shield Battery x2  
  53  5:30  Stalker  
  55  5:54  Stalker  
Tags
 
Add a new tag
Caveats
  • Supply blocks, unpowered buildings, or Contaminate may cause inaccurate times.
  • Supply counts are checked every 10 seconds.